General information
- name: BNet
- type: Ladder team game (AT/RT)
- host: Battle.net
- saver: backintown
map: RiceFields
- players: 6
- length: 50:54
- speed: Fast
- version: 1.28 W3XP
- replay type:

» download(441 KB)
Players
team 1 (winner)
backintown (
green | 96 APM | 4911 actions | 50:54)
7 Warden
3 Shadow Strike
3 Blink
1 Spirit of Vengeance
» actions
| Assign group hotkey | 9 | |
| Basic commands | 1 | |
| Build / train | 80 | |
| Enter build submenu | 34 | |
| Enter hero's abilities submenu | 7 | |
| Give item / drop item | 2 | |
| Remove unit from queue | 2 | |
| Right click | 3932 | |
| Select / deselect | 542 | |
| Select group hotkey | 37 | |
| Use ability | 264 | |
4911 total
» units
» upgrades
| Ultravision | 1 | |
| Strength of the Wild | 3 | |
| Reinforced Hides | 3 | |
| Nature's Blessing | 1 | |
| Well Spring | 1 | |
| Corrosive Breath | 1 | |
10 total
» buildings
| Altar of Elders | 1 | |
| Moon Well | 23 | |
| Tree of Ages | 1 | |
| Hunter's Hall | 1 | |
| Tree of Life | 4 | |
| Tree of Eternity | 1 | |
| Ancient of Wind | 2 | |
| Chimaera Roost | 2 | |
35 total
» build order
00:13 Altar of Elders
00:21 Moon Well
01:40 Moon Well
04:37 Tree of Ages
04:56 Moon Well
05:42 Moon Well
07:08 Hunter's Hall
11:34 Tree of Life
12:40 Tree of Eternity
15:15 Tree of Life
15:22 Moon Well
15:23 Moon Well
15:26 Moon Well
15:41 Moon Well
15:43 Moon Well
15:43 Moon Well
15:44 Moon Well
15:45 Moon Well
16:03 Ancient of Wind
20:11 Tree of Life
22:50 Tree of Life
23:50 Moon Well
23:50 Moon Well
23:51 Moon Well
23:51 Moon Well
23:52 Moon Well
27:20 Moon Well
28:26 Moon Well
28:27 Moon Well
28:27 Moon Well
28:28 Moon Well
28:28 Moon Well
32:09 Ancient of Wind
35:59 Chimaera Roost
36:01 Chimaera Roost
» items
| Healing Salve | 4 | |
| Lesser Clarity Potion | 1 | |
| Orb of Lightning | 4 | |
| Potion of Healing | 3 | |
| Health Stone | 1 | |
13 total
IDIOTfrmLSTgame (
yellow | 97 APM | 4928 actions | 50:51)
10 Blademaster
3 Wind Walk
3 Critical Strike
1 Bladestorm
3 Mirror Image
» actions
| Assign group hotkey | 28 | |
| Basic commands | 9 | |
| Build / train | 76 | |
| ESC pressed | 2 | |
| Enter build submenu | 98 | |
| Enter hero's abilities submenu | 10 | |
| Give item / drop item | 4 | |
| Right click | 3278 | |
| Select / deselect | 392 | |
| Select group hotkey | 747 | |
| Use ability | 283 | |
4928 total
» units
» upgrades
| Spiked Barricades | 1 | |
| Ranged Weapons | 3 | |
| Liquid Fire | 1 | |
| Reinforced Defenses | 1 | |
| Armor | 3 | |
| Troll Regeneration | 1 | |
10 total
» buildings
| Altar of Storms | 1 | |
| War Mill | 1 | |
| Orc Burrow | 4 | |
| Voodoo Lounge | 3 | |
| Watch Tower | 87 | |
| Stronghold | 1 | |
| Fortress | 2 | |
| Beastiary | 2 | |
| Barracks | 1 | |
102 total
» build order
00:15 Altar of Storms
00:20 War Mill
00:24 Orc Burrow
01:10 Voodoo Lounge
01:48 Watch Tower
02:32 Watch Tower
02:39 Watch Tower
02:50 Orc Burrow
03:33 Stronghold
04:00 Watch Tower
04:04 Watch Tower
04:05 Watch Tower
04:24 Watch Tower
04:26 Watch Tower
04:41 Watch Tower
04:43 Watch Tower
05:55 Fortress
05:55 Fortress
05:58 Beastiary
06:44 Watch Tower
06:45 Watch Tower
06:46 Watch Tower
07:09 Beastiary
07:15 Orc Burrow
07:23 Voodoo Lounge
07:37 Watch Tower
09:16 Watch Tower
09:17 Watch Tower
09:35 Voodoo Lounge
10:32 Watch Tower
10:39 Orc Burrow
10:45 Watch Tower
10:45 Watch Tower
10:47 Watch Tower
10:49 Watch Tower
11:26 Barracks
13:24 Watch Tower
13:30 Watch Tower
14:33 Watch Tower
14:57 Watch Tower
15:20 Watch Tower
15:22 Watch Tower
15:23 Watch Tower
15:23 Watch Tower
15:40 Watch Tower
17:09 Watch Tower
17:10 Watch Tower
18:04 Watch Tower
18:06 Watch Tower
18:17 Watch Tower
18:18 Watch Tower
20:06 Watch Tower
20:07 Watch Tower
20:13 Watch Tower
20:14 Watch Tower
21:24 Watch Tower
21:25 Watch Tower
21:39 Watch Tower
21:40 Watch Tower
22:27 Watch Tower
22:30 Watch Tower
22:43 Watch Tower
22:43 Watch Tower
22:51 Watch Tower
22:53 Watch Tower
22:55 Watch Tower
23:00 Watch Tower
23:01 Watch Tower
23:02 Watch Tower
23:03 Watch Tower
23:46 Watch Tower
23:47 Watch Tower
24:58 Watch Tower
24:59 Watch Tower
25:00 Watch Tower
25:05 Watch Tower
26:41 Watch Tower
26:42 Watch Tower
26:42 Watch Tower
26:45 Watch Tower
27:46 Watch Tower
27:47 Watch Tower
27:48 Watch Tower
27:50 Watch Tower
28:05 Watch Tower
28:06 Watch Tower
28:14 Watch Tower
28:15 Watch Tower
28:16 Watch Tower
29:54 Watch Tower
29:55 Watch Tower
29:56 Watch Tower
29:57 Watch Tower
30:42 Watch Tower
30:43 Watch Tower
30:50 Watch Tower
30:51 Watch Tower
30:52 Watch Tower
31:17 Watch Tower
31:18 Watch Tower
31:20 Watch Tower
31:20 Watch Tower
» items
| Healing Salve | 1 | |
| Lesser Clarity Potion | 2 | |
| Scroll of Speed | 1 | |
| Gloves of Haste | 1 | |
| Orb of Lightning | 1 | |
| Claws of Attack +6 | 1 | |
| Claws of Attack +15 | 3 | |
| Potion of Healing | 1 | |
| Potion of Mana | 1 | |
| Scroll of Regeneration | 1 | |
| Scroll of Town Portal | 3 | |
16 total
iggy_the_fisk (
pink | 117 APM | 5942 actions | 50:51)
8 Archmage
3 Blizzard
3 Brilliance Aura
1 Mass Teleport
1 Summon Water Elemental
6 Blood Mage
3 Flame Strike
2 Siphon Mana
1 Summon Phoenix
» actions
| Assign group hotkey | 421 | |
| Basic commands | 117 | |
| Build / train | 181 | |
| Enter build submenu | 155 | |
| Enter hero's abilities submenu | 15 | |
| Give item / drop item | 12 | |
| Right click | 2905 | |
| Select / deselect | 629 | |
| Select group hotkey | 1113 | |
| Use ability | 393 | |
5942 total
» units
| Peasant | 23 | |
| Dragonhawk Rider | 14 | |
37 total
» upgrades
| Masonry | 3 | |
| Lumber Harvesting | 2 | |
| Magic Sentry | 1 | |
| Swords | 3 | |
| Armor | 4 | |
| Animal War Training | 1 | |
14 total
» buildings
| Altar of Kings | 1 | |
| Farm | 7 | |
| Lumber Mill | 1 | |
| Scout Tower | 179 | |
| Arcane Tower | 16 | |
| Guard Tower | 76 | |
| Keep | 1 | |
| Town Hall | 1 | |
| Castle | 1 | |
| Arcane Vault | 1 | |
| Arcane Sanctum | 1 | |
| Gryphon Aviary | 1 | |
| Blacksmith | 1 | |
| Barracks | 1 | |
288 total
» build order
00:04 Altar of Kings
00:19 Farm
00:45 Lumber Mill
00:58 Farm
01:09 Scout Tower
01:31 Scout Tower
01:32 Scout Tower
01:37 Scout Tower
01:44 Scout Tower
01:45 Scout Tower
01:52 Arcane Tower
02:07 Scout Tower
02:08 Guard Tower
02:44 Scout Tower
02:45 Scout Tower
02:46 Scout Tower
02:47 Arcane Tower
02:47 Guard Tower
02:57 Scout Tower
02:58 Guard Tower
03:13 Guard Tower
03:14 Scout Tower
03:25 Scout Tower
03:26 Scout Tower
03:27 Guard Tower
04:00 Keep
04:25 Scout Tower
04:26 Scout Tower
04:27 Guard Tower
04:44 Guard Tower
04:47 Scout Tower
04:48 Scout Tower
04:49 Scout Tower
05:30 Guard Tower
05:32 Scout Tower
05:33 Scout Tower
05:38 Scout Tower
05:39 Guard Tower
05:42 Arcane Tower
06:30 Guard Tower
06:31 Scout Tower
06:32 Scout Tower
06:49 Guard Tower
06:50 Scout Tower
06:51 Scout Tower
06:53 Farm
06:58 Town Hall
07:00 Scout Tower
07:01 Scout Tower
07:01 Scout Tower
07:03 Scout Tower
07:04 Scout Tower
07:04 Scout Tower
07:05 Scout Tower
07:06 Scout Tower
07:06 Scout Tower
07:07 Scout Tower
07:07 Scout Tower
07:08 Scout Tower
07:08 Scout Tower
07:09 Scout Tower
07:10 Scout Tower
07:11 Scout Tower
07:12 Scout Tower
07:13 Scout Tower
07:13 Scout Tower
07:52 Castle
07:58 Guard Tower
08:00 Arcane Tower
08:01 Guard Tower
08:13 Scout Tower
08:14 Scout Tower
08:14 Scout Tower
08:25 Guard Tower
08:27 Scout Tower
08:29 Arcane Tower
08:30 Guard Tower
08:39 Arcane Vault
08:43 Arcane Tower
08:52 Guard Tower
08:53 Guard Tower
08:59 Guard Tower
09:02 Scout Tower
09:07 Guard Tower
09:10 Scout Tower
09:10 Scout Tower
09:18 Guard Tower
09:29 Scout Tower
09:30 Scout Tower
09:33 Scout Tower
09:34 Scout Tower
09:42 Guard Tower
09:45 Scout Tower
09:47 Guard Tower
10:10 Guard Tower
10:12 Arcane Tower
10:13 Guard Tower
10:16 Guard Tower
10:23 Guard Tower
10:38 Guard Tower
10:40 Arcane Tower
10:42 Scout Tower
10:42 Scout Tower
10:43 Scout Tower
10:46 Scout Tower
10:47 Scout Tower
10:49 Scout Tower
10:49 Scout Tower
11:06 Arcane Tower
11:07 Guard Tower
11:23 Guard Tower
11:44 Arcane Sanctum
11:47 Scout Tower
11:47 Scout Tower
12:12 Scout Tower
12:15 Scout Tower
12:15 Scout Tower
12:16 Scout Tower
12:16 Scout Tower
12:23 Arcane Tower
12:50 Guard Tower
12:52 Scout Tower
12:52 Scout Tower
13:00 Scout Tower
13:00 Scout Tower
13:01 Scout Tower
13:02 Scout Tower
13:03 Scout Tower
13:07 Scout Tower
13:08 Scout Tower
13:26 Guard Tower
13:47 Guard Tower
13:49 Scout Tower
13:50 Scout Tower
13:59 Guard Tower
14:00 Scout Tower
14:03 Scout Tower
14:04 Scout Tower
14:05 Guard Tower
14:06 Scout Tower
14:08 Scout Tower
14:19 Guard Tower
14:22 Guard Tower
14:27 Scout Tower
14:28 Scout Tower
14:28 Scout Tower
14:31 Scout Tower
14:31 Scout Tower
14:43 Guard Tower
14:45 Scout Tower
14:46 Scout Tower
15:04 Arcane Tower
15:05 Guard Tower
15:07 Scout Tower
15:07 Scout Tower
15:33 Arcane Tower
15:34 Guard Tower
15:43 Guard Tower
15:45 Scout Tower
15:47 Scout Tower
15:47 Scout Tower
15:48 Guard Tower
16:00 Guard Tower
16:03 Scout Tower
16:04 Scout Tower
16:09 Gryphon Aviary
16:12 Guard Tower
16:14 Blacksmith
16:30 Scout Tower
16:31 Scout Tower
16:32 Guard Tower
16:36 Scout Tower
16:37 Scout Tower
16:37 Scout Tower
16:39 Arcane Tower
16:39 Guard Tower
16:42 Scout Tower
16:43 Scout Tower
16:43 Scout Tower
16:49 Scout Tower
17:13 Guard Tower
17:19 Scout Tower
17:20 Scout Tower
17:20 Scout Tower
17:22 Guard Tower
17:24 Guard Tower
17:32 Guard Tower
17:53 Scout Tower
17:54 Scout Tower
17:54 Scout Tower
17:57 Guard Tower
18:00 Scout Tower
18:01 Scout Tower
18:02 Scout Tower
18:07 Guard Tower
18:09 Scout Tower
18:10 Scout Tower
18:14 Guard Tower
18:47 Guard Tower
19:32 Guard Tower
19:44 Barracks
19:46 Farm
19:47 Farm
20:13 Scout Tower
20:14 Scout Tower
20:16 Scout Tower
20:16 Scout Tower
20:18 Scout Tower
20:19 Scout Tower
20:53 Guard Tower
21:10 Scout Tower
21:11 Scout Tower
21:13 Scout Tower
21:16 Guard Tower
21:25 Scout Tower
21:35 Arcane Tower
21:36 Guard Tower
21:40 Scout Tower
21:42 Scout Tower
21:46 Guard Tower
21:51 Guard Tower
21:52 Scout Tower
22:16 Guard Tower
22:19 Guard Tower
22:26 Guard Tower
22:30 Scout Tower
22:34 Scout Tower
22:34 Scout Tower
25:57 Scout Tower
25:58 Scout Tower
26:59 Scout Tower
27:00 Scout Tower
27:01 Scout Tower
27:45 Scout Tower
27:45 Scout Tower
27:46 Scout Tower
27:47 Scout Tower
27:48 Scout Tower
27:55 Scout Tower
27:56 Scout Tower
27:56 Scout Tower
27:58 Scout Tower
27:59 Scout Tower
28:10 Arcane Tower
28:14 Scout Tower
28:15 Scout Tower
28:16 Scout Tower
28:16 Scout Tower
28:17 Scout Tower
28:24 Scout Tower
28:24 Scout Tower
28:25 Scout Tower
28:25 Scout Tower
28:26 Scout Tower
28:26 Scout Tower
28:29 Guard Tower
28:35 Arcane Tower
28:37 Guard Tower
28:39 Scout Tower
28:39 Scout Tower
28:56 Guard Tower
28:59 Scout Tower
28:59 Scout Tower
29:00 Scout Tower
29:07 Guard Tower
29:11 Scout Tower
29:11 Scout Tower
29:17 Guard Tower
29:33 Guard Tower
29:35 Farm
29:37 Farm
29:42 Guard Tower
30:10 Guard Tower
30:19 Guard Tower
30:37 Guard Tower
30:40 Scout Tower
30:41 Scout Tower
31:00 Guard Tower
31:02 Scout Tower
31:02 Scout Tower
31:07 Scout Tower
31:09 Scout Tower
31:20 Guard Tower
32:30 Guard Tower
32:32 Scout Tower
32:33 Scout Tower
33:49 Guard Tower
33:51 Scout Tower
» items
| Healing Salve | 4 | |
| Staff of Sanctuary | 2 | |
| Orb of Lightning | 2 | |
| Kelen's Dagger of Escape | 2 | |
| Potion of Healing | 3 | |
| Scroll of Regeneration | 1 | |
| Ring of Protection +5 | 2 | |
| Scroll of Town Portal | 3 | |
| Health Stone | 1 | |
20 total
team 2 (loser)
danielsan (
teal | 107 APM | 5435 actions | 50:51)
5 Priestess of the Moon
3 Trueshot Aura
2 Searing Arrows
5 Dark Ranger
3 Black Arrow
2 Silence
» actions
| Assign group hotkey | 60 | |
| Basic commands | 348 | |
| Build / train | 112 | |
| ESC pressed | 2 | |
| Enter build submenu | 24 | |
| Enter hero's abilities submenu | 10 | |
| Remove unit from queue | 10 | |
| Right click | 3272 | |
| Select / deselect | 606 | |
| Select group hotkey | 914 | |
| Use ability | 71 | |
5435 total
» units
| Wisp | 13 | |
| Archer | 28 | |
| Dryad | 12 | |
| Hippogryph | 5 | |
| Glaive Thrower | 13 | |
71 total
» upgrades
| Improved Bows | 1 | |
| Ultravision | 1 | |
| Strength of the Wild | 0 | |
| Strength of the Moon | 3 | |
| Reinforced Hides | 1 | |
| Abolish Magic | 1 | |
| Well Spring | 1 | |
| Marksmanship | 1 | |
| Vorpal Blades | 1 | |
| Moon Armor | 1 | |
| Nature's Blessing | 1 | |
12 total
» buildings
| Altar of Elders | 1 | |
| Moon Well | 8 | |
| Ancient of War | 4 | |
| Tree of Ages | 2 | |
| Hunter's Hall | 2 | |
| Ancient of Lore | 3 | |
| Tree of Eternity | 2 | |
| Ancient of Wind | 1 | |
| Tree of Life | 2 | |
| Ancient of Wonders | 1 | |
26 total
» build order
00:05 Altar of Elders
00:17 Moon Well
01:21 Ancient of War
01:24 Moon Well
02:27 Moon Well
03:02 Tree of Ages
04:10 Hunter's Hall
04:58 Moon Well
06:44 Ancient of Lore
07:17 Ancient of Lore
07:19 Ancient of Lore
07:21 Tree of Eternity
09:41 Moon Well
09:45 Moon Well
12:45 Ancient of Wind
16:18 Tree of Life
16:58 Tree of Life
17:14 Ancient of War
17:21 Ancient of War
18:32 Ancient of Wonders
21:17 Hunter's Hall
21:26 Tree of Ages
22:40 Moon Well
23:04 Moon Well
28:18 Ancient of War
28:23 Tree of Eternity
» items
| Scroll of Town Portal | 1 | |
| Potion of Healing | 2 | |
3 total

»
eL_DuDeRiNo117 (
purple | 103 APM | 4920 actions | 47:32)
4 Archmage
2 Summon Water Elemental
2 Brilliance Aura
3 Firelord
2 Summon Lava Spawn
1 Soul Burn
2 Beastmaster
1 Summon Quilbeast
1 Summon Hawk
» actions
| Assign group hotkey | 59 | |
| Basic commands | 147 | |
| Build / train | 136 | |
| Enter build submenu | 44 | |
| Enter hero's abilities submenu | 9 | |
| Give item / drop item | 4 | |
| Remove unit from queue | 7 | |
| Right click | 2296 | |
| Select / deselect | 850 | |
| Select group hotkey | 1158 | |
| Use ability | 209 | |
4920 total
» units
| Peasant | 27 | |
| Footman | 8 | |
| Priest | 8 | |
| Knight | 6 | |
| Siege Engine | 10 | |
| Mortar Team | 7 | |
| Sorceress | 1 | |
| Spell Breaker | 1 | |
68 total
» upgrades
| Defend | 1 | |
| Swords | 1 | |
| Lumber Harvesting | 2 | |
| Priest Training | 2 | |
| Plating | 2 | |
| Masonry | 2 | |
| Animal War Training | 1 | |
| Barrage | 1 | |
| Gunpowder | 1 | |
| Fragmentation Shards | 1 | |
| Flare | 1 | |
15 total
» buildings
| Altar of Kings | 1 | |
| Farm | 14 | |
| Barracks | 2 | |
| Scout Tower | 14 | |
| Arcane Tower | 3 | |
| Arcane Vault | 2 | |
| Keep | 1 | |
| Lumber Mill | 1 | |
| Blacksmith | 1 | |
| Guard Tower | 8 | |
| Arcane Sanctum | 2 | |
| Town Hall | 1 | |
| Castle | 1 | |
| Workshop | 2 | |
53 total
» build order
00:10 Altar of Kings
00:12 Farm
00:24 Barracks
00:52 Farm
01:36 Scout Tower
02:06 Farm
02:14 Arcane Tower
03:02 Farm
03:40 Arcane Vault
04:14 Keep
04:18 Lumber Mill
04:23 Blacksmith
05:03 Farm
05:05 Scout Tower
05:40 Guard Tower
05:59 Farm
07:51 Arcane Sanctum
07:52 Arcane Sanctum
08:51 Town Hall
08:59 Farm
10:18 Castle
12:52 Scout Tower
12:53 Scout Tower
12:54 Scout Tower
12:55 Scout Tower
13:24 Guard Tower
13:25 Arcane Tower
13:27 Arcane Tower
13:29 Farm
13:30 Farm
13:35 Farm
13:44 Arcane Vault
14:27 Scout Tower
14:29 Scout Tower
14:32 Farm
14:35 Farm
15:14 Barracks
15:20 Guard Tower
15:21 Guard Tower
16:16 Scout Tower
16:18 Scout Tower
16:19 Scout Tower
16:20 Scout Tower
16:47 Workshop
16:48 Workshop
17:07 Farm
17:56 Guard Tower
17:57 Guard Tower
17:59 Scout Tower
18:01 Scout Tower
19:18 Farm
19:49 Guard Tower
19:50 Guard Tower
» items
| Scroll of Regeneration | 3 | |
| Lesser Clarity Potion | 1 | |
| Scroll of Town Portal | 1 | |
| Potion of Healing | 3 | |
8 total
noideawhat2do (
orange | 101 APM | 5101 actions | 50:43)
5 Death Knight
3 Death Coil
2 Unholy Aura
6 Lich
3 Frost Nova
2 Frost Armor
1 Death and Decay
» actions
| Assign group hotkey | 46 | |
| Basic commands | 1 | |
| Build / train | 77 | |
| Enter build submenu | 25 | |
| Enter hero's abilities submenu | 11 | |
| Give item / drop item | 4 | |
| Right click | 3203 | |
| Select / deselect | 561 | |
| Select group hotkey | 988 | |
| Use ability | 185 | |
5101 total
» units
| Acolyte | 14 | |
| Ghoul | 3 | |
| Crypt Fiend | 4 | |
| Frost Wyrm | 12 | |
| Gargoyle | 2 | |
| Meatwagon | 2 | |
| Obsidian Statue | 2 | |
39 total
» upgrades
| Creature Attack | 3 | |
| Web | 1 | |
| Creature Carapace | 1 | |
| Burrow | 1 | |
| Freezing Breath | 1 | |
7 total
» buildings
| Graveyard | 1 | |
| Crypt | 1 | |
| Ziggurat | 14 | |
| Altar of Darkness | 1 | |
| Tomb of Relics | 1 | |
| Nerubian Tower | 3 | |
| Halls of the Dead | 2 | |
| Black Citadel | 1 | |
| Sacrificial Pit | 1 | |
| Boneyard | 2 | |
| Spirit Tower | 6 | |
| Slaughterhouse | 1 | |
34 total
» build order
00:10 Graveyard
00:15 Crypt
00:34 Ziggurat
00:48 Altar of Darkness
01:23 Tomb of Relics
02:17 Nerubian Tower
02:22 Ziggurat
03:46 Halls of the Dead
03:46 Halls of the Dead
04:14 Ziggurat
06:01 Ziggurat
06:17 Black Citadel
06:57 Sacrificial Pit
07:20 Ziggurat
08:42 Boneyard
08:48 Boneyard
10:24 Ziggurat
12:49 Ziggurat
12:49 Ziggurat
14:04 Spirit Tower
17:08 Spirit Tower
17:10 Spirit Tower
17:12 Spirit Tower
20:36 Slaughterhouse
21:25 Ziggurat
22:31 Spirit Tower
23:12 Ziggurat
31:18 Ziggurat
31:24 Ziggurat
32:20 Nerubian Tower
32:22 Spirit Tower
32:25 Ziggurat
32:26 Ziggurat
» items
| Rod of Necromancy | 1 | |
| Dust of Appearance | 2 | |
3 total
Chat log
(00:34 / All) backintown: hgi
(00:34 / All) backintown: hi
(00:35 / All) backintown: from??
(00:41 / All) danielsan: hi
(00:42 / All) danielsan: ger
(00:43 / All) eL_DuDeRiNo117: germanica
(00:51 / All) IDIOTfrmLSTgame: hehehe lol
(00:55 / All) backintown: where in ger
(01:37 / All) danielsan: cottbus alle 3
(01:42 / All) backintown: never heard of it
(01:52 / All) danielsan: cos its east germany :D
(02:05 / All) iggy_the_fisk: tear down that wall
(03:59 / All) backintown: hjehe
(20:44 / All) backintown: guys
(20:52 / All) backintown: Are you a robot? Yes [ ] No [ ]
(21:14 / All) IDIOTfrmLSTgame: are you guys bots
(21:19 / All) eL_DuDeRiNo117: y
(21:29 / All) eL_DuDeRiNo117: russian bots
(22:06 / All) backintown: why guys? your units?
(23:16 / All) backintown: trying new strat?
(23:57 / All) iggy_the_fisk: TANKS
(29:17 / All) backintown: i hate preasts
(36:28 / All) backintown: towers don't mov'e
(36:49 / All) iggy_the_fisk: Doot-doot-doot - Another dyrad bites the dust
(36:58 / All) iggy_the_fisk: RRIP freddy mercury
(38:58 / All) backintown: im out of gold
(39:06 / All) eL_DuDeRiNo117: nooo :(
(40:24 / All) iggy_the_fisk: good unit
(40:28 / All) iggy_the_fisk: the bowladies
(40:37 / All) eL_DuDeRiNo117: xd
(41:02 / All) iggy_the_fisk: res again?
(41:06 / All) danielsan: close mort :D
(41:13 / All) backintown: am i mort
(41:50 / All) iggy_the_fisk: you fought with bravery daniel-san
(41:57 / All) danielsan: :)
(42:06 / All) eL_DuDeRiNo117: no gold
(42:06 / All) eL_DuDeRiNo117: gg
(42:07 / All) eL_DuDeRiNo117: :D
(42:14 / All) eL_DuDeRiNo117: can u send me some?
(42:19 / All) iggy_the_fisk: yes
(42:22 / All) eL_DuDeRiNo117: ty
(42:23 / All) iggy_the_fisk: wait
(42:35 / All) eL_DuDeRiNo117: why u guys dont play tower games
(42:36 / All) eL_DuDeRiNo117: :D
(42:39 / All) iggy_the_fisk: purple
(42:41 / All) IDIOTfrmLSTgame: we are ??
(42:43 / All) iggy_the_fisk: by your shop
(42:45 / All) iggy_the_fisk: Pick up and sell
(42:49 / All) eL_DuDeRiNo117: ohh
(42:50 / All) eL_DuDeRiNo117: thx
(42:55 / All) danielsan: :D
(43:03 / All) eL_DuDeRiNo117: i should grab em
(46:22 / All) iggy_the_fisk: BYE
(46:37 / All) eL_DuDeRiNo117: gg boys
(46:43 / All) backintown: https://highper.ch/
(46:48 / All) iggy_the_fisk: Our webzone
(47:24 / All) iggy_the_fisk: MAXX ROCMANE
(48:26 / All) iggy_the_fisk: NOPE grandpa
(48:32 / All) IDIOTfrmLSTgame: 2 slow. u blow
(50:48 / All) danielsan: gg